 Dungeon Crawl Stone Soup version 0.17-a0-2231-gd80ca38 (webtiles) character file.

746 seyes the Poker (level 7, 0/60 HPs)
             Began as a Centaur Gladiator on Oct 30, 2015.
             Killed from afar by a white imp (5 damage)
             ... with a puff of frost
             ... summoned by Eustachio
             ... on level 5 of the Dungeon.
             The game lasted 00:42:39 (6317 turns).

seyes the Poker (Centaur Gladiator)                 Turns: 6317, Time: 00:42:39

Health: 0/60       AC:  5    Str: 18      XL:     7   Next: 48%
Magic:  7/7        EV: 10    Int:  7      God:
Gold:   215        SH:  0    Dex: 13 (14) Spells: 0 memorised, 6 levels left

rFire  . . .     SeeInvis .     i - +0 trident
rCold  . . .     Clarity  .     x - +0 leather armour (curse)
rNeg   . . .     SustAt   .     (no shield)
rPois  .         Gourm    .     c - +0 helmet
rElec  .         Spirit   .     (no cloak)
rCorr  .         Warding  .     (no gloves)
rMut   .         Stasis   .     (no barding)
MR     +....                    (no amulet)
Stlth  +.........               I - +3 ring of dexterity
                                z - ring of protection from magic

@: very quick, somewhat resistant to hostile enchantments, very unstealthy
A: hooves 3, deformed body, speed 2, tough skin 3
a: no special abilities


You were on level 5 of the Dungeon.
You were hungry.

You visited 1 branch of the dungeon, and saw 5 of its levels.

You collected 215 gold pieces.

Inventory:

Hand Weapons
 h - a +0 hunting sling
 i - a +0 trident (weapon)
Missiles
 g - 152 stones (quivered)
 n - 49 sling bullets
 B - 17 poisoned needles
Armour
 b - a +0 leather armour
 c - a +0 helmet (worn)
 x - a cursed +0 leather armour (worn)
Magical Staves
 y - an uncursed staff of wizardry
Jewellery
 z - a ring of protection from magic (left hand)
 I - a +3 ring of dexterity (right hand)
Scrolls
 a - a scroll of recharging {unknown}
 f - 3 scrolls of remove curse
 l - 2 scrolls of noise {unknown}
 q - a scroll of magic mapping {unknown}
 r - 3 scrolls of identify
 u - 2 scrolls of blinking {unknown}
 w - a scroll of teleportation {unknown}
 F - a scroll of amnesia {unknown}
Potions
 j - a potion of lignification {unknown}
 o - a potion of ambrosia {unknown}
 p - 2 potions of cure mutation {unknown}
 s - a potion of might {unknown}
 t - 3 potions of resistance
 v - a potion of curing {unknown}
 C - 4 potions of agility {unknown}
 D - a potion of flight {unknown}
 E - 2 potions of brilliance {unknown}
Comestibles
 e - 4 bread rations
 k - 3 meat rations
 m - 2 fruits
 G - a beef jerky
 H - a slice of pizza


   Skills:
 + Level 4.5 Fighting
 + Level 5.6 Polearms
 + Level 5.1 Throwing
 - Level 1.0 Armour
 - Level 2.2 Dodging


You had 6 spell levels left.
You didn't know any spells.

Dungeon Overview and Level Annotations

Branches:
Dungeon (5/15)
 Temple: D:4-7

Altars:
Cheibriados
Kikubaaqudgha
Makhleb
Qazlal
Ru
Trog
Vehumet
Xom
Zin

Annotations:
D:5 Eustachio


Innate Abilities, Weirdness & Mutations

You have hooves in place of feet.
Armour fits poorly on your strangely shaped body.
You cover ground very quickly.
You have extremely tough skin (AC +3).


Message History

You closely miss Eustachio.
Eustachio is moderately wounded.
Eustachio mumbles some strange words.
You hit Eustachio.
Eustachio is heavily wounded.
Eustachio barely misses you.
You hit Eustachio but do no damage.
Eustachio is heavily wounded.
The crimson imp closely misses you. Eustachio hits you with a lajatang!
The white imp gestures at you. The puff of frost hits you!
* * * LOW HITPOINT WARNING * * *
The crimson imp blinks!
The white imp gestures at you. The puff of frost hits you!
* * * LOW HITPOINT WARNING * * *
Eustachio gestures wildly while chanting.
The white imp gestures at you. The puff of frost hits you!
You die...

############ ####..........#
#......##.....######
#.##.#.##..........#
##.##.#.##.....####.####### #
#..............###.5......# #
#...#.....##......5..####.# #
#...#........@####@..####.# #
#........###..#....ยง....#.# #
#.#....................<#.# #
#.#..#.#.......<........#.####
#......>........(.............
####.####.......##...[........
#.....##......###............
#.#.#.##......# ##.##.##.####
##.#.#.##......# #.##.##.##..


You could see an iron imp and a white imp.

Vanquished Creatures
  The ghost of Chompa the Covered, a novice MiFi of the Shining One (D:5)
  A slave (D:5)
  A giant frog (D:5)
  A crimson imp (D:5)
  A quasit (D:5)
  An orc priest (D:3)
  Natasha (thrice) (D:4)
  2 worker ants
  6 adders
  2 oozes
  2 worms
  5 giant geckos
  21 orcs
  7 bats
  3 giant cockroaches
  8 hobgoblins
  9 jackals
  8 kobolds
  3 quokkas
  2 ball pythons
  A giant gecko skeleton (D:4)
  A giant newt (D:3)
  14 goblins
  23 rats
126 creatures vanquished.

Notes
Turn   | Place    | Note
--------------------------------------------------------------
     0 | D:1      | seyes the Centaur Gladiator began the quest for the Orb.
     0 | D:1      | Reached XP level 1. HP: 17/17 MP: 1/1
    70 | D:1      | Reached skill level 3 in Polearms
   111 | D:1      | Reached XP level 2. HP: 24/24 MP: 2/2
   518 | D:1      | Reached XP level 3. HP: 24/29 MP: 3/3
   972 | D:1      | Reached skill level 4 in Polearms
  1360 | D:2      | Reached XP level 4. HP: 32/36 MP: 4/4
  2241 | D:2      | Found a sacrificial altar of Ru.
  2248 | D:2      | Found a shimmering altar of Xom.
  2250 | D:2      | Found a snail-covered altar of Cheibriados.
  2253 | D:2      | Found an ancient bone altar of Kikubaaqudgha.
  2255 | D:2      | Found a bloodstained altar of Trog.
  2388 | D:3      | Found a radiant altar of Vehumet.
  3149 | D:3      | Reached XP level 5. HP: 40/42 MP: 5/5
  3288 | D:3      | Found a faded altar to an unknown god.
  4135 | D:4      | Noticed Natasha
  4140 | D:4      | Killed Natasha
  4190 | D:3      | Reached skill level 1 in Armour
  4238 | D:4      | Found a burning altar of Makhleb.
  4241 | D:4      | Noticed an Executioner
  4243 | D:4      | Found a glowing silver altar of Zin.
  4243 | D:4      | Noticed an angel
  4362 | D:4      | Noticed Natasha
  4365 | D:4      | Killed Natasha
  4393 | D:4      | Noticed Natasha
  4394 | D:4      | Killed Natasha
  4452 | D:4      | Found a stormy altar of Qazlal.
  4766 | D:4      | Reached XP level 6. HP: 40/51 MP: 6/6
  5156 | D:5      | Entered Level 5 of the Dungeon
  5574 | D:5      | Noticed Chompa's ghost (novice MiFi)
  5757 | D:5      | Killed Chompa's ghost
  5757 | D:5      | Reached skill level 5 in Polearms
  5757 | D:5      | Reached XP level 7. HP: 57/59 MP: 7/7
  5912 | D:5      | Noticed Eustachio
  6048 | D:5      | Reached skill level 5 in Throwing
  6317 | D:5      | Killed from afar by a white imp

Vault maps used:
D:1:      erik_arrival_orb_chamber, minmay_misc_feat_rugged
D:2:      minitemple
D:3:      corexii_shack_village, nicolae_overflow_crystal_walls, serial_bayou,
          serial_bayou_lake_a, serial_bayou_pond_c, serial_bayou_shore_b,
          serial_bayou_pond_e, ecumenical_altar_2
D:4:      grunt_temple_overflow_order_and_chaos_2, kennysheep_mini_moat,
          hangedman_decor_points, uniq_natasha
D:5:      serial_shops, nicolae_shop_statue_plus, first_bread, uniq_eustachio,
          uniq_pikel

Action                   |  1- 3 |  4- 6 |  7- 9 || total
-------------------------+-------+-------+-------++-------
Melee: Trident           |   143 |   284 |    90 ||   517
 Fire: Hunting sling     |       |    31 |     6 ||    37
Throw: Stone             |    33 |    62 |       ||    95
       Tomahawk          |       |     9 |     6 ||    15
       Throwing net      |       |       |     6 ||     6
  Use: Scroll            |       |     2 |       ||     2
  Eat: Chunk             |     1 |     8 |       ||     9
       Pizza             |       |     1 |       ||     1
       Beef jerky        |       |     1 |     1 ||     2
